 Dungeon Crawl Stone Soup version 0.29.1-1-gd02db6906a (webtiles) character file.

Game seed: 1007841845045620062

5 sankara the Sneak (level 1, -2/10 HPs)
             Began as a Vampire Enchanter on Oct 13, 2022.
             Slain by a kobold
             ... wielding a +2 whip of distortion
              (6 damage)
             ... on level 1 of the Dungeon.
             The game lasted 00:01:15 (304 turns).

sankara the Sneak (Vampire Enchanter)                Turns: 304, Time: 00:01:15

Health: -2/10      AC:  4    Str:  7    XL:     1   Next: 66%
Magic:  3/3        EV: 12    Int: 17    God:
Gold:   17         SH:  0    Dex: 14    Spells: 4/4 levels left

rFire   . . .      SeeInvis +   a - +1 dagger
rCold   + + .      Faith    .   (no shield)
rNeg    + + +      Spirit   .   b - +0 robe
rPois   ∞          Reflect  .   f - +2 hat
rElec   .          Harm     .   (no cloak)
rCorr   .          Rampage  .   (no gloves)
Will    .....                   (no boots)
Stlth   +++++.....              (no amulet)
HPRegen 0.00/turn               (no ring)
MPRegen 0.08/turn               (no ring)

@: bloodless, inhibited regen
A: bloodless, fangs 3, see invisible, vampiric 1
a: Revivify


You were on level 1 of the Dungeon.
You visited 1 branch of the dungeon, and saw 1 of its levels.

You collected 17 gold pieces.

Inventory:

Hand Weapons
 a - a +1 dagger (weapon)
 e - a +0 sling
 i - a +0 dagger of flaming
Missiles
 d - 4 poisoned darts (quivered)
 g - 6 stones
Armour
 b - a +0 robe (worn)
 f - a +2 hat (worn)
Potions
 c - 2 potions of invisibility
 h - a potion of berserk rage {unknown}


   Skills:
 + Level 1.2 Short Blades
 + Level 2.3 Dodging
 * Level 4.6 Stealth
 + Level 2.0 Spellcasting
 + Level 4.4 Hexes


You had 4 spell levels left.
You didn't know any spells.
Your spell library contained the following spells:

 Spells                   Type           Power      Damage    Failure   Level
 Confusing Touch          Hex            17%        N/A       9%          3
 Tukima's Dance           Hex            17%        N/A       9%          3
 Ensorcelled Hibernation  Hex/Ice        18%        N/A       12%         2
 Dazzling Flash           Conj/Hex       18%        N/A       22%         3


Dungeon Overview and Level Annotations

Branches:
Dungeon (1/15)

Altars:


Innate Abilities, Weirdness & Mutations

You do not regenerate when monsters are visible.
You are frail without blood (-20% HP).
You can heal yourself when you bite living creatures.
You are immune to poison.
You have razor-sharp teeth.
You have supernaturally acute eyesight. (SInv)
You are afflicted with vampirism.


Message History

The goblin is severely wounded.
The goblin barely misses you.
You hit the goblin.
You kill the goblin!
No target in view!
No target in view!
Things that are here:
a +0 dagger of flaming; a goblin corpse
i - a +0 dagger of flaming You see here a goblin corpse.
An endoplasm comes into view.
The helpless endoplasm fails to defend itself.
You puncture the endoplasm!
You kill the endoplasm!
No target in view!
A bat comes into view.
You see here 10 gold pieces.
You now have 17 gold pieces (gained 10).
The helpless bat fails to defend itself.
You bite the bat, and draw its blood! You impale the bat!!
You kill the bat!
No target in view!
You see here a bat corpse.
There is a shaft here.
An endoplasm comes into view.
A kobold comes into view. It is wielding a +2 whip of distortion.
The kobold shouts!
Found 4 gold pieces.
The kobold hits you but does no damage.
You barely miss the kobold.
The endoplasm quivers.
The kobold barely misses you. The endoplasm attacks as you move away!
The endoplasm hits you. The endoplasm attacks as you move away!
The endoplasm hits you.
The endoplasm jiggles.
The kobold attacks as you move away!
The kobold hits you with a +2 whip of distortion.
Space warps around you.
Ouch! That really hurt!
You die...

.....# .....# ##
...#.# .. ...#.#
.# ####.# .# #†#
.# .
#.############.#
.#
#.^............#
#
#############@.#
#KJ# #..# #..#
#..# #..# #####
#..# ....# #..#
.##.# #.$#


You could see an endoplasm and a kobold.

Vanquished Creatures
  2 bats (D:1)
  An endoplasm (D:1)
  A ball python (D:1)
  A goblin (D:1)
5 creatures vanquished.

Notes
Turn   | Place    | Note
-------+----------+-------------------------------------------
     0 | D:1      | sankara the Vampire Enchanter began the quest for the Orb.
     0 | D:1      | Reached XP level 1. HP: 13/13 MP: 3/3
   304 | D:1      | Slain by a kobold

Illustrated notes

Levels and vault maps discovered:
D:1:      lemuel_arrival_room, layout_basic, hellmonk_ecumenical_altar_zigzags

Action                   || total
-------------------------++-------
Melee: Dagger            ||     7
 Abil: Exsanguinate      ||     1
 Stab: Sleeping          ||     4
Armor: Robe              ||     1
Dodge: Dodged            ||     3
